 Dungeon Crawl Stone Soup version 0.26-a0-252-gb32a1a6195 (webtiles) character file.

Game seed: 9022118702103413578

126 ICC the Magician (level 5, -5/28 HPs)
             Began as a Vine Stalker Fighter on July 9, 2020.
             Slain by an iguana (9 damage)
             ... on level 4 of the Dungeon.
             The game lasted 00:08:29 (2125 turns).

ICC the Magician (Vine Stalker Fighter)             Turns: 2125, Time: 00:08:29

Health: -5/28      AC:  3    Str: 19    XL:     5   Next: 10%
Magic:  0/11       EV: 11    Int:  8    God:
Gold:   193        SH:  0    Dex: 14    Spells: 11/11 levels left

rFire    . . .     SeeInvis .   a - +0 rapier
rCold    . . .     Faith    .   (no shield)
rNeg     . . .     Spirit   +   i - +0 leather armour
rPois    .         Reflect  .   (no helmet)
rElec    .         Harm     .   (no cloak)
rCorr    .                      (no gloves)
MR       .....                  (no boots)
Stlth    +.........             (no amulet)
HPRegen  0.49/turn              j - ring of wizardry
MPRegen  0.12/turn              (no ring)

@: no status effects
A: fangs 2, regeneration 1, magic shield, antimagic bite, no potion heal 3, rot
immunity
a: no special abilities


You were on level 4 of the Dungeon.
You were not hungry.

You visited 1 branch of the dungeon, and saw 4 of its levels.

You collected 193 gold pieces.

Inventory:

Hand Weapons
 a - a +0 rapier (weapon)
Armour
 i - a +0 leather armour (worn)
 m - a +0 chain mail
Jewellery
 j - a ring of wizardry (left hand)
Wands
 k - a wand of disintegration (17)
 n - a wand of flame (16)
Scrolls
 g - 2 scrolls of immolation
 h - 2 scrolls of magic mapping
 l - a scroll of enchant weapon
Potions
 c - 4 potions of curing
 d - a potion of might
 e - 2 potions of resistance {unknown}
 o - a potion of mutation {unknown}
Comestibles
 f - 15 rations


   Skills:
 - Level 3.0 Fighting
 + Level 2.8 Short Blades
 - Level 2.4 Armour
   Level 2.6 Shields
 * Level 3.5 Spellcasting


You had 11 spell levels left.
You didn't know any spells.
Your spell library was empty.

Dungeon Overview and Level Annotations

Branches:
Dungeon (4/15)
 Temple: D:4-7

Altars:
Ashenzari
Elyvilon
Zin
The Shining One


Innate Abilities, Weirdness & Mutations

You have extremely sharp teeth.
Your natural rate of healing is unusually fast.
When hurt, damage is shared between your health and your magic reserves.
Your bite disrupts and absorbs the magic of your enemies.
Potions cannot restore your health.
You are immune to rotting.


Message History

The iguana bites you!
You hit the iguana but do no damage. You bite the iguana, but do no damage.
The iguana is almost dead.
The adder skeleton misses you. The iguana bites you!
* * * LOW HITPOINT WARNING * * *
The adder skeleton bites you but does no damage.
You hit the iguana but do no damage. You bite the iguana. You drain its power.
You feel invigorated.
The iguana is almost dead.
The iguana closely misses you. The adder skeleton closely misses you.
You closely miss the iguana. You bite the iguana, but do no damage.
The iguana is almost dead.
The iguana bites you.
* * * LOW HITPOINT WARNING * * *
The adder skeleton bites you.
* * * LOW HITPOINT WARNING * * *
You closely miss the iguana.
The iguana is almost dead.
The iguana bites you!
You die...

................. ####
................. ....
................. ....
................. ...
................. #..
.................
#.##..########'###...(..
......Z..........#......
......l@.........#......
#.....############......
#.... #...... #...
#...... ... #...... ..
#...... # #..< ####
#...... #####...##...#
#...... .........#...#
#......


You could see an iguana and an adder skeleton.

Vanquished Creatures
  Ijyb (D:3)
  An adder (D:2)
  3 dart slugs (D:1)
  3 leopard geckos
  An orc (D:3)
  5 giant cockroaches
  14 goblins
  5 hobgoblins
  7 jackals
  3 kobolds
  2 quokkas (D:2)
  12 bats
  5 frilled lizards
  A quokka skeleton (D:2)
  15 rats
78 creatures vanquished.

Notes
Turn   | Place    | Note
-------+----------+-------------------------------------------
     0 | D:1      | ICC the Vine Stalker Fighter began the quest for the Orb.
     0 | D:1      | Reached XP level 1. HP: 11/11 MP: 2/2
   137 | D:1      | Reached skill level 1 in Spellcasting
   137 | D:1      | Reached XP level 2. HP: 14/16 MP: 4/4
   243 | D:1      | Reached XP level 3. HP: 17/20 MP: 6/6
   757 | D:2      | Gained mutation: Your natural rate of healing is unusually
                  | fast. [Vine Stalker growth]
   757 | D:2      | Reached XP level 4. HP: 22/24 MP: 6/8
   996 | D:2      | Found a white marble altar of Elyvilon.
   996 | D:2      | Found a shattered altar of Ashenzari.
  1337 | D:3      | Found a glowing silver altar of Zin.
  1599 | D:3      | Found a glowing golden altar of the Shining One.
  1785 | D:3      | Noticed Ijyb
  1793 | D:3      | Killed Ijyb
  1793 | D:3      | Reached XP level 5. HP: 19/28 MP: 9/11
  2125 | D:4      | Slain by an iguana

Illustrated notes

Levels and vault maps discovered:
D:1:      dpeg_arrival_subterranean_lakeside_camping, layout_rooms
D:2:      layout_loops_ring, nicolae_overflow_hidden_temple
D:3:      kennysheep_goblin_castle, layout_basic, lemuel_coloured_pillars_altar,
          nicolae_overflow_crystal_walls, serial_park_tiny_pond
D:4:      layout_gridville, lemuel_crystal_altar

Skill      XL: |  1  2  3  4 |
---------------+-------------+-----
Spellcasting   | 1 2 3 |  3.5
Short Blades   | 2 |  2.8
Fighting       | 3 |  3.0
Armour         | |  2.4
Shields        | |  2.6

Action                   |  1- 3 |  4- 6 || total
-------------------------+-------+-------++-------
Melee: Rapier            |   125 |    88 ||   213
       Bite              |    21 |    26 ||    47
  Use: Scroll            |       |     8 ||     8
       Potion            |       |     1 ||     1
  Eat: Ration            |       |     1 ||     1
Armor: Scale mail        |    60 |       ||    60
       Leather armour    |     9 |    28 ||    37
Dodge: Dodged            |    76 |    92 ||   168

Table legend:
 A = Non-vault XP
 B = Vault XP
 C = Vault XP percentage of total XP
 D = Non-vault monster count
 E = Vault monster count
 F = Vault count percentage of total count
                 A         B        C        D         E       F
            +---------+---------+-------+---------+---------+-------
      Total |     116 |      65 |  35.9 |      60 |      18 |  23.1
            +---------+---------+-------+---------+---------+-------
        D:1 |      58 |       9 |  13.4 |      31 |       6 |  16.2
        D:2 |      43 |       0 |   0.0 |      20 |       0 |   0.0
        D:3 |      15 |      56 |  78.9 |       9 |      12 |  57.1
            +---------+---------+-------+---------+---------+-------
